 Dungeon Sprint DCSS version 0.23.1 (webtiles) character file.

Game seed: 12548372434832852969

183 Fang the Skirmisher (level 5, -28/55 HPs)
             Began as a Gargoyle Berserker on Mar 19, 2019.
             Was a Believer of Trog.
             Annihilated by Kyolum the pandemonium lord (35 damage)
             ... in the Dungeon (Sprint V: "Ziggurat Sprint").
             The game lasted 00:01:32 (348 turns).

Fang the Skirmisher (Gargoyle Berserker)             Turns: 348, Time: 00:01:33

Health: -28/55     AC: 34    Str: 39    XL:     5   Next: 62%
Magic:  5/5        EV: 10    Int:  7    God:    Trog [**....]
Gold:   0          SH:  0    Dex:  9    Spells: 4/4 levels left

rFire    + + .     SeeInvis .   k - +5 executioner's axe
rCold    . . .     Gourm    .   (shield currently unavailable)
rNeg     + . .     Faith    .   j - +15 Maxwell's patent armour {-Cast -Tele rElec MR+ rCorr}
rPois    ∞         Spirit   .   b - +1 hat of the Hanged Man {rElec rF++ Str-4}
rElec    +         Reflect  .   a - +0 cloak "Foamioja" {*Slow Str+4}
rCorr    +         Harm     .   (no gloves)
MR       +....     NoTele   +   (no boots) Stlth ..........NoCast +
                                (no amulet)
HPRegen  0.18/turn              D - +6 ring of strength
MPRegen  0.09/turn              E - +6 ring of strength

@: berserking, very quick
A: negative energy resistance 1, electricity resistance, unbreathing,
petrification resistance, rot immunity, AC +4
a: Berserk, Trog's Hand, Renounce Religion


You were in the Dungeon.
You worshipped Trog.
Trog was pleased with you.
You were not hungry.

You visited 1 branch

Inventory:

Hand Weapons
 k - a +5 executioner's axe (weapon)
Armour
 a - the +0 cloak "Foamioja" (worn) {*Slow Str+4}
   (You found it in the Dungeon)

   It affects your strength (+4).
   It may slow you when you take damage.
 b - the +1 hat of the Hanged Man (worn) {rElec rF++ Str-4}
   (You found it in the Dungeon)

   It affects your strength (-4).
   It greatly protects you from fire.
   It insulates you from electricity.
 j - the +15 Maxwell's patent armour (worn) {-Cast -Tele rElec MR+ rCorr}
   (You found it in the Dungeon)

   It insulates you from electricity.
   It affects your resistance to hostile enchantments.
   It prevents spellcasting.
   It prevents most forms of teleportation.
   It provides partial protection from all sources of acid and corrosion.
Jewellery
 D - a +6 ring of strength (left hand)
 E - a +6 ring of strength (right hand)
Wands
 w - a wand of disintegration (7)
 x - a wand of iceblast (7)
 y - a wand of acid (7)
Scrolls
 i - 4 scrolls of blinking
 l - 7 scrolls of fog
 m - a scroll of holy word
 n - 5 scrolls of identify
 o - 5 scrolls of remove curse
 p - 2 scrolls of fear
Potions
 d - 10 potions of curing
 e - 10 potions of heal wounds
 f - 6 potions of haste
 g - 7 potions of magic
 h - 3 potions of berserk rage
 q - 2 potions of brilliance
 r - 2 potions of invisibility
 s - 4 potions of resistance
 t - a potion of experience
 u - 5 potions of agility
 v - 5 potions of might
Comestibles
 c - 7 rations


   Skills:
 + Level 6.9 Fighting
 + Level 5.7 Axes
 + Level 6.4 Armour
 + Level 4.8 Dodging


You had 4 spell levels left.
You didn't know any spells.
Your spell library was empty.

Dungeon Overview and Level Annotations

Branches:
Dungeon (1/1)

Altars:
Ashenzari
Cheibriados
Dithmenos
Elyvilon
Fedhas
Gozag
Hepliaklqana
Kikubaaqudgha
Makhleb
Nemelex Xobeh
Okawaru
Qazlal
Ru
Sif Muna
Trog
Uskayaw
Vehumet
Wu Jian
Xom
Yredelemnul
Zin
The Shining One
Beogh
Jiyva
Lugonu

Annotations:
D 1 transporter


Innate Abilities, Weirdness & Mutations

You are resistant to torment.
Your stone body is resilient. (AC +4)
You are immune to poison.
You resist negative energy. (rN+)
You are resistant to electric shocks. (rElec)
You can survive without breathing.
You are immune to petrification.
You are immune to rotting.


Message History

You start waiting.
You feel less confused.
You see here an uncursed staff of conjuration.
There is a transporter here.
Welcome to arena 3.
You enter the transporter and appear at another place.
A crimson imp, a shadow imp, a red devil and a pandemonium lord come into view.
The red devil is wielding a +0 demon trident of flaming.
The crimson imp shouts!
Found four items.
Found a transporter.
A red film seems to cover your vision as you go berserk!
You feel yourself moving faster!
You feel mighty!
You feel a lot more hungry.
You completely miss Kyolum. Kyolum hits you!!!
Ouch! That really hurt!
* * * LOW HITPOINT WARNING * * *
You writhe in agony.
* * * LOW HITPOINT WARNING * * *
Kyolum hits you!!
Ouch! That really hurt!
You die...

▓▓▓▓▓▓▓▓▓▓▓▓▓▓▓▓▓▓▓
▓.8©8.▓.8©8.▓.8©8.▓
▓.}5}.▓.:|..▓.....▓
▓..4..▓.....▓.)...▓
▓..5..▓.....▓.....▓
▓.....▓.....▓.....▓
▓..&..▓.....▓..©..▓
▓..@..▓..©..▓▓▓▓▓▓▓
▓▓▓▓▓▓▓▓▓▓▓▓▓


You could see Kyolum, a red devil, a crimson imp and a shadow imp.

Vanquished Creatures
  A golden eye (D)
  A jelly (D)
  3 oozes (D)
5 creatures vanquished.

Vanquished Creatures (others)
  2 spatial maelstroms (D)
2 creatures vanquished.

Grand Total: 7 creatures vanquished

Notes
Turn   | Place    | Note
-------+----------+-------------------------------------------
     0 | D        | Found the +6 Majin-Bo {vamp, Archmagi MP+6 Int+6}
     0 | D        | Found the +7 great mace "Firestarter" {inner flame, rF++}
     0 | D        | Fang the Gargoyle Berserker began the quest for the Orb.
     0 | D        | Reached XP level 1. HP: 14/14 MP: 1/1
     3 | D        | Found a blossoming altar of Fedhas.
     4 | D        | Found a viscous altar of Jiyva.
     4 | D        | Found a hazy altar of Hepliaklqana.
     4 | D        | Found a transporter.
     4 | D        | Found an opulent altar of Gozag.
     4 | D        | Found an ancient bone altar of Kikubaaqudgha.
     4 | D        | Found a corrupted altar of Lugonu.
     8 | D        | Found a burning altar of Makhleb.
     9 | D        | Found a sacrificial altar of Ru.
     9 | D        | Found a stormy altar of Qazlal.
     9 | D        | Found a deep blue altar of Sif Muna.
     9 | D        | Found an iron altar of Okawaru.
     9 | D        | Found a bloodstained altar of Trog.
     9 | D        | Found a sparkling altar of Nemelex Xobeh.
    15 | D        | Banished a spatial maelstrom
    24 | D        | Banished a spatial maelstrom
    29 | D        | Found the +6 shillelagh "Devastator" {shatter}
    29 | D        | Found the +11 plutonium sword {*Contam Stlth-}
    29 | D        | Found the +8 lance "Wyrmbane" {slay drac, rPois rF+ rC+
                  | AC+3}
    29 | D        | Found the +9 sword of Zonguldrok {reap}
    29 | D        | Found the cursed +13 scythe of Curses {drain, *Curse}
    29 | D        | Found the +0 sword of Power
    29 | D        | Found the +7 mace of Variability {chain chaos}
    29 | D        | Found the +7 Singing Sword {slice, sonic wave}
    29 | D        | Found the +7 longbow "Piercer" {penet, EV-2}
    30 | D        | Found the +9 heavy crossbow "Sniper" {velocity, Acc+∞ SInv}
    30 | D        | Found the +10 dark maul {crush}
    30 | D        | Found the +15 Maxwell's patent armour {-Cast -Tele rElec
                  | MR+ rCorr}
    30 | D        | Found the +18 shield of the Gong {rElec rN+ MR+ EV-5}
    30 | D        | Found the cursed +14 obsidian axe {chop, +Fly SInv *Curse}
    54 | D        | Entered arena 2.
    54 | D        | Found a transporter.
    58 | D        | Reached XP level 2. HP: 20/20 MP: 2/2
    62 | D        | Got the +0 cloak "Foamioja" {*Slow Str+4}
    71 | D        | Entered arena 3.
    71 | D        | Noticed a golden eye
    71 | D        | Found a transporter.
    77 | D        | Reached ** piety under Trog
    79 | D        | Reached skill level 5 in Fighting
    79 | D        | Reached XP level 3. HP: 26/26 MP: 3/3
   204 | D        | Got the +1 hat of the Hanged Man {rElec rF++ Str-4}
   301 | D        | Killed a golden eye
   301 | D        | Reached skill level 5 in Axes
   301 | D        | Reached XP level 4. HP: 32/32 MP: 4/4
   301 | D        | Reached XP level 5. HP: 37/37 MP: 5/5
   346 | D        | Entered arena 4.
   346 | D        | Noticed a red devil
   346 | D        | Noticed Kyolum the pandemonium lord
   346 | D        | Found a transporter.
   348 | D        | Annihilated by Kyolum the pandemonium lord

Skill      XL: |  1  2  3 |
---------------+----------+-----
Axes           | 3 4 5 |  5.7
Dodging        | 2 3 4 |  4.8
Fighting       | 4 5 6 |  6.9
Armour         | 3 4 6 |  6.4

Action                   |  1- 3 |  4- 6 || total
-------------------------+-------+-------++-------
Melee: Executioner's axe |    17 |     1 ||    18
Invok: Berserk           |       |     1 ||     1
Armor: Plate armour      |     7 |       ||     7
Dodge: Dodged            |     7 |       ||     7
